 Dungeon Crawl Stone Soup version 0.17-a0-2127-g1cb09f6 (webtiles) character file.

41 tp1 the Magician (level 3, 0/19 HPs)
             Began as a Deep Elf Fire Elementalist on Oct 23, 2015.
             Slain by Robin
             ... wielding a +0 club
              (3 damage)
             ... on level 2 of the Dungeon.
             The game lasted 00:07:32 (1093 turns).

tp1 the Magician (Deep Elf Fire Elementalist)       Turns: 1093, Time: 00:07:32

Health: 0/19       AC:  6    Str:  5    XL:     3   Next: 32%
Magic:  0/10       EV: 13    Int: 20    God:
Gold:   61         SH:  0    Dex: 15    Spells: 2 memorised, 7 levels left

rFire  . . .     SeeInvis .     e - +0 dagger (venom)
rCold  . . .     Clarity  .     a - +1 robe
rNeg   . . .     SustAt   .     (no shield)
rPois  .         Gourm    .     (no helmet)
rElec  .         Spirit   .     i - +2 cloak
rCorr  .         Warding  .     (no gloves)
rMut   +         Stasis   .     (no boots)
MR     .....                    d - amulet of resist mutation
Stlth  +++.......               n - ring of stealth
                                (no ring)

@: very slightly contaminated, not resistant to hostile enchantments, fairly
stealthy
A: no striking features
a: no special abilities


You were on level 2 of the Dungeon.
You were not hungry.

You visited 1 branch of the dungeon, and saw 2 of its levels.

You collected 61 gold pieces.

Inventory:

Hand Weapons
 e - a +0 dagger of venom (weapon)
Armour
 a - a +1 robe (worn)
 i - a +2 cloak (worn)
Jewellery
 d - an amulet of resist mutation (around neck)
 n - a ring of stealth (right hand)
Scrolls
 g - 4 scrolls of teleportation {unknown}
Potions
 j - a potion of cure mutation {unknown}
 k - 2 potions of brilliance {unknown}
 l - 2 potions of curing {unknown}
 o - a potion of heal wounds {unknown}
Books
 b - a book of Flames

   Spells                             Type                      Level
   a - Flame Tongue                   Conjuration/Fire             1
   b - Throw Flame                    Conjuration/Fire             2
   c - Conjure Flame                  Conjuration/Fire             3
   d - Inner Flame                    Hexes/Fire                   3
   e - Sticky Flame                   Conjuration/Fire             4
   f - Fireball                       Conjuration/Fire             5
Comestibles
 c - 2 bread rations
 f - 4 chunks of flesh
 h - a meat ration


   Skills:
 - Level 2.6 Dodging
 - Level 2.4 Stealth
 - Level 4.0 Spellcasting
 + Level 2.2 Conjurations
 - Level 3.6 Fire Magic


You had 7 spell levels left.
You knew the following spells:

 Your Spells              Type           Power        Failure   Level  Hunger
a - Flame Tongue          Conj/Fire      ###..        4%          1    None
b - Throw Flame           Conj/Fire      ###...       10%         2    #......


Dungeon Overview and Level Annotations

Branches:
Dungeon (2/15)

Altars:

Annotations:
D:2 Robin


Message History

The goblin closely misses you.
You barely miss the goblin. Robin hits you but does no damage.
The hobgoblin closely misses you. The goblin closely misses you.
You barely miss the goblin. Robin barely misses you.
The hobgoblin barely misses you. The goblin hits you but does no damage.
Casting: Flame Tongue
Confirm with . or Enter, or press ? or * to list all spells.
Aiming: Flame Tongue
Press: ? - help, Shift-Dir - straight line, f - Robin
Aim: Robin, wielding a club, wearing an animal skin and wearing a helmet (moderately wounded, poisoned)
The flame tongue hits Robin.
Robin is heavily wounded.
Robin hits you but does no damage. The goblin hits you with a dagger.
* * * LOW HITPOINT WARNING * * *
The hobgoblin hits you with a club.
* * * LOW HITPOINT WARNING * * *
You closely miss the goblin. The goblin hits you with a dagger.
* * * LOW HITPOINT WARNING * * *
Robin hits you with a club.
You die...

#+ #.# #.# ##.##
####g
##...#####.....g
#....g@g).....#
######...g##...##.#
...............#
.#####.#.##.....
#.#.#######.# #.#.#
# #.#.. #.###
#####.#


You could see Robin, a hobgoblin (frenzied) and a goblin (frenzied).

Vanquished Creatures
  An ooze (D:1)
  A giant gecko (D:1)
  A giant cockroach (D:1)
  5 hobgoblins
  4 bats
  3 giant newts (D:1)
  11 goblins
  6 kobolds (D:1)
  3 rats (D:1)
35 creatures vanquished.

Notes
Turn   | Place    | Note
--------------------------------------------------------------
     0 | D:1      | tp1 the Deep Elf Fire Elementalist began the quest for the Orb.
     0 | D:1      | Reached XP level 1. HP: 10/10 MP: 6/6
   162 | D:1      | Reached XP level 2. HP: 3/15 MP: 1/8
   839 | D:1      | Reached skill level 4 in Spellcasting
   987 | D:1      | Learned a level 2 spell: Throw Flame
  1025 | D:2      | Reached XP level 3. HP: 19/19 MP: 8/10
  1065 | D:2      | Noticed Robin
  1093 | D:2      | Slain by Robin

Vault maps used:
D:1:      lightli_arrival_noodles
D:2:      nicolae_overflow_crystal_walls, minmay_misc_feat_cross, uniq_robin

Action                   || total
-------------------------++-------
Melee: Dagger            ||     9
 Cast: Flame Tongue      ||    52
  Use: Scroll            ||     3
